 Dungeon Crawl Stone Soup version 0.21.1-1-g345015fe64 (webtiles) character file.

832 Htamos the Magician (level 7, -9/50 HPs)
             Began as a Green Draconian Fire Elementalist on July 17, 2018.
             Shot with an arrow by a centaur (16 damage)
             ... on level 5 of the Dungeon.
             The game lasted 00:14:29 (6967 turns).

Htamos the Magician (DrFE)                          Turns: 6967, Time: 00:14:30

Health: -9/50      AC:  7    Str: 10    XL:     7   Next: 65%
Magic:  3/14       EV: 19    Int: 18    God:
Gold:   212        SH:  0    Dex: 16    Spells: 13/16 levels left

rFire    . . .     SeeInvis .   A - +0 blowgun
rCold    . . .     Gourm    .   (no shield)
rNeg     . . .     Faith    .   (armour unavailable)
rPois    +         Spirit   .   (helmet restricted)
rElec    .         Reflect  .   (no cloak)
rCorr    .         Harm     .   (no gloves)
MR       .....                  m - +0 pair of boots
Stlth    +++.......             (no amulet)
HPRegen  0.16/turn              (no ring)
MPRegen  0.14/turn              (no ring)

@: agile, about to teleport
A: breathe noxious fumes, unfitting armour, poison resistance, cold-blooded, AC
+6
a: Breathe Noxious Fumes


You were on level 5 of the Dungeon.
You were near starving.

You visited 1 branch of the dungeon, and saw 5 of its levels.

You collected 212 gold pieces.

Inventory:

Hand Weapons
 e - a +0 whip
 h - a +0 trident
 q - a +0 dagger
 A - a +0 blowgun (weapon)
Armour
 l - a +0 buckler
 m - a +0 pair of boots (worn)
Jewellery
 g - an uncursed ring of stealth {unknown}
 p - a +1 ring of protection {unknown}
 x - the ring "Zopodghul" {rPois Dex+3 Slay+2, unknown}
   (You found it on level 4 of the Dungeon)

   [ring of poison resistance]

   It affects your dexterity (+3).
   It affects your accuracy and damage with ranged weapons and melee attacks
   (+2).
   It protects you from poison.
Scrolls
 c - 2 scrolls of magic mapping
 f - 6 scrolls of identify {unknown}
 j - a scroll of remove curse
 k - a scroll of immolation {unknown}
 n - 2 scrolls of amnesia {unknown}
 o - a scroll of teleportation
 s - a scroll of fog {unknown}
 t - a scroll of enchant weapon {unknown}
Potions
 d - a potion of agility
 i - a potion of might {unknown}
 r - a potion of curing {unknown}
 u - 2 potions of heal wounds {unknown}
 w - a potion of brilliance {unknown}
Books
 a - a book of Flames

   Spells                             Type                      Level
   a - Flame Tongue                   Conjuration/Fire             1
   b - Throw Flame                    Conjuration/Fire             2
   c - Conjure Flame                  Conjuration/Fire             3
   d - Inner Flame                    Hexes/Fire                   3
   e - Sticky Flame                   Conjuration/Fire             4
   f - Fireball                       Conjuration/Fire             5
Comestibles
 b - 6 rations


   Skills:
 + Level 3.8 Dodging
 - Level 1.8 Stealth
 * Level 5.2 Spellcasting
 + Level 3.9 Conjurations
 + Level 4.8 Fire Magic


You had 13 spell levels left.
You knew the following spells:

 Your Spells              Type           Power        Failure   Level  Hunger
a - Flame Tongue          Conj/Fire      ###..        2%          1    None
b - Throw Flame           Conj/Fire      ###...       3%          2    #......


Dungeon Overview and Level Annotations

Branches:
Dungeon (5/15)
 Temple: D:4-7

Altars:
Elyvilon
Ru

Annotations:
D:5 Edmund


Innate Abilities, Weirdness & Mutations

You can breathe blasts of noxious fumes.
Your lurid green scales are hard. (AC +6)
You cannot fit into any form of body armour.
Your system is resistant to poisons. (rPois)
You are cold-blooded and may be slowed by cold attacks.


Message History

Edmund barely misses you.
A centaur comes into view.
The centaur shouts!
The centaur wields a shortbow.
The centaur shoots an arrow.
The arrow hits you!
* * * LOW HITPOINT WARNING * * *
You hear an angry hiss.
Found 3 scrolls labeled UPRORAU ZOASITT.
As you read the scroll labeled ANEUHU EH BUJ, it crumbles to dust.
You feel aware of your surroundings.
It was a scroll of magic mapping.
Edmund closely misses you.
The centaur shoots an arrow.
The arrow hits you.
* * * LOW HITPOINT WARNING * * *
As you read the scroll labeled BEMOCV SOESEO, it crumbles to dust.
You feel strangely unstable.
It was a scroll of teleportation.
The centaur shoots an arrow.
The arrow barely misses you. Edmund hits you but does no damage.
It was a potion of agility.
You feel agile all of a sudden.
The centaur shoots an arrow.
The arrow barely misses you. Edmund barely misses you.
The centaur shoots an arrow.
The arrow hits you!
You die...

*,,* #.### #..# #...#
#..# ###.# *** #?c# #.#
,,*************..# #.#
*,,,,,,,,,,,,,,..#
##########.#
***************#.#
#..........# ** #.#
#.########## ,*
########@# #.# ,*
#......@(# #.#
,########.######## #.#
,.......#.# #.#
*,*,*,#...### #.#
,.......#...# #.#
,...⌠...#.#.# #.#
,_........#.##########.#
,...⌠.....#............#


You could see Edmund and a centaur.

Vanquished Creatures
  5 ogres (D:4)
  A big kobold (D:5)
  A scorpion (D:4)
  A howler monkey (D:3)
  2 orc wizards (D:4)
  9 adders
  An ooze (D:1)
  7 worms
  2 dart slugs (D:1)
  4 leopard geckos
  7 orcs (D:4)
  8 giant cockroaches
  5 goblins
  6 hobgoblins
  5 quokkas
  9 bats
  5 frilled lizards
  12 kobolds
  5 rats
95 creatures vanquished.

Vanquished Creatures (others)
  2 plants (D:4)
2 creatures vanquished.

Grand Total: 97 creatures vanquished

Notes
Turn   | Place    | Note
-------+----------+-------------------------------------------
     0 | D:1      | Htamos the Draconian Fire Elementalist began the quest for the Orb.
     0 | D:1      | Reached XP level 1. HP: 14/14 MP: 3/3
   359 | D:1      | Reached XP level 2. HP: 20/20 MP: 3/5
   367 | D:1      | Learned a level 2 spell: Throw Flame
  1018 | D:1      | Reached XP level 3. HP: 26/26 MP: 2/6
  2125 | D:2      | Reached XP level 4. HP: 24/33 MP: 0/8
  2139 | D:2      | Reached skill level 3 in Spellcasting
  3512 | D:3      | Reached XP level 5. HP: 38/38 MP: 3/10
  3780 | D:4      | Found a sacrificial altar of Ru.
  3815 | D:4      | Noticed an ogre
  3820 | D:4      | Killed an ogre
  3971 | D:4      | Reached XP level 6. HP: 45/45 MP: 4/11
  4410 | D:4      | Reached skill level 4 in Spellcasting
  4976 | D:4      | Your scales start taking on a lurid green colour.
  4976 | D:4      | Reached XP level 7. HP: 17/50 MP: 1/14
  4976 | D:4      | Gained mutation: Your system is resistant to poisons. (rPois) [Green Draconian growth]
  6144 | D:4      | Reached skill level 5 in Spellcasting
  6283 | D:4      | Got a coiled bone ring
  6484 | D:5      | Entered Level 5 of the Dungeon
  6925 | D:5      | Found a white marble altar of Elyvilon.
  6925 | D:5      | Noticed Edmund
  6967 | D:5      | Shot with an arrow by a centaur

Skill      XL: |  1  2  3  4  5  6  7 |
---------------+----------------------+-----
Dodging        | 2 3 |  3.8
Conjurations   | 2 3 |  3.9
Spellcasting   | 3 4 5 |  5.2
Fire Magic     | 4 |  4.8
Stealth        | |  1.8

Action                   |  1- 3 |  4- 6 |  7- 9 || total
-------------------------+-------+-------+-------++-------
Melee: Unarmed           |    25 |       |       ||    25
       Tailslap          |     4 |    11 |    14 ||    29
       Whip              |    50 |   103 |   106 ||   259
       Dagger            |       |       |    66 ||    66
       Blowgun           |       |       |    13 ||    13
 Fire: Blowgun           |       |       |    20 ||    20
 Cast: Flame Tongue      |    45 |    51 |    11 ||   107
       Throw Flame       |     1 |    57 |    35 ||    93
Evoke: Wand              |       |       |     4 ||     4
  Use: Scroll            |       |       |     3 ||     3
       Potion            |       |       |     1 ||     1
 Stab: Sleeping          |     3 |       |     1 ||     4
  Eat: Chunk             |     4 |    11 |     5 ||    20
Armor: Skin              |    26 |    43 |    60 ||   129
Dodge: Dodged            |    68 |    54 |   133 ||   255
